 Dungeon Crawl Stone Soup version 0.27.1-33-g824d729ab1 (webtiles) character file.

Game seed: 14298044874374422405

77 dianekeaton the Cudgeller (level 4, 0/39 HPs)
             Began as a Minotaur Berserker on Dec 8, 2021.
             Was a Believer of Trog.
             Slain by Sigmund (13 damage)
             ... on level 2 of the Dungeon.
             The game lasted 00:03:23 (1182 turns).

dianekeaton the Cudgeller (Minotaur Berserker)      Turns: 1182, Time: 00:03:24

Health: 0/39       AC:  6    Str: 21    XL:     4   Next: 14%
Magic:  3/3        EV: 11    Int:  4    God:    Trog [**....]
Gold:   30         SH:  0    Dex: 11    Spells: 3/3 levels left

rFire    . . .     SeeInvis .   a - +0 mace
rCold    . . .     Faith    +   (no shield)
rNeg     . . .     Spirit   .   e - +0 ring mail
rPois    .         Reflect  .   (helmet restricted)
rElec    .         Harm     .   (no cloak)
rCorr    .         Rampage  .   g - +0 pair of gloves
Will     .....                  (no boots)
Stlth    ..........             h - amulet of faith
HPRegen  0.13/turn              (no ring)
MPRegen  0.08/turn              (no ring)

@: confused, on berserk cooldown, slowed, very slow
A: horns 2, retaliatory headbutt
a: Renounce Religion, Berserk, Trog's Hand


You were on level 2 of the Dungeon.
You worshipped Trog.
Trog was pleased with you.
You visited 1 branch of the dungeon, and saw 2 of its levels.

You collected 88 gold pieces.
You spent 58 gold pieces at shops.

Inventory:

Hand Weapons
 a - a +0 mace (weapon)
Armour
 e - a +0 ring mail (worn)
 g - a +0 pair of gloves (worn)
Jewellery
 h - an amulet of faith (around neck)
Scrolls
 b - 3 scrolls of identify {unknown}
 d - a scroll of fear
Potions
 c - 2 potions of mutation {unknown}
 f - a potion of curing {unknown}
 i - a potion of lignification {unknown}


   Skills:
 - Level 3.6 Fighting
 + Level 6.0 Maces & Flails
 - Level 2.4 Armour
 - Level 2.1 Dodging
 + Level 0.1 Stealth


You had 3 spell levels left.
You didn't know any spells.
Your spell library was empty.

Dungeon Overview and Level Annotations

Branches:
Dungeon (2/15)

Altars:

Shops:
D:1 [

Annotations:
D:2 Sigmund


Innate Abilities, Weirdness & Mutations

You have a pair of horns on your head.
You reflexively headbutt those who attack you in melee.


Message History

A goblin comes into view. It is wielding a +0 club.
A red film seems to cover your vision as you go berserk!
You feel yourself moving faster!
You feel mighty!
The goblin shouts!
Natasha casts a spell.
Something hits you. Something burns you.
You feel a strong urge to attack something.
You feel the effects of Trog's Hand fading.
You closely miss the hobgoblin. The hobgoblin hits you.
You hear some strange, mumbled words.
A magic dart appears from out of thin air!
The magic dart hits you.
You sock the hobgoblin!
You kill the hobgoblin!
Trog accepts your kill.
You barely miss Natasha. Something hits you. Something burns you.
You sock Natasha! You headbutt Natasha.
You kill Natasha!
Trog accepts your kill.
Trog appreciates your killing of a magic user.
Natasha screams in pain as she dies!
The white imp disappears in a puff of smoke!
Your Maces & Flails skill increases to level 6!
You have reached level 4!
You feel agile. Something hits you! Something burns you.
You barely miss something.
You are no longer berserk.
You are exhausted.
You feel yourself slow down.
You barely miss something.
Your skin stops crawling.
You feel less strong-willed.
You hear some strange, mumbled words.
A puff of flame appears from out of thin air!
The puff of flame hits you.
You closely miss something. You headbutt something!
You hear some strange, mumbled words.
You are confused.
Something hits you!
You die...

.#####..........######
.#####...............###
.##........#.#.#.......#
.)#.##.###....###).....##
#'####.#####.#.#†.......###
...#......##.#............#
...###.##>##.#.'########'.##
...#
#.##......#........#..##
...#
#.........#@{####+.#...#
...# #.#######.#.#....#
#...# ...# #.# #.#g#.##.#
#.#.##### ...# ..# #.#.#.#
#.#...... ...# #.# #.#.#..
#.####### ...# ..#.+## #.#
##### ...# ..#.. #.# #....
...# '## +.# #.### ...# . ..


You could see a goblin.

Vanquished Creatures
  Natasha (D:2)
  A worm (D:2)
  A dart slug (D:1)
  5 endoplasms (D:1)
  A giant cockroach (D:1)
  6 goblins
  5 hobgoblins
  3 jackals (D:1)
  5 kobolds
  3 quokkas (D:1)
  3 ball pythons
  4 bats
  3 frilled lizards (D:1)
  2 rats (D:1)
43 creatures vanquished.

Notes
Turn   | Place    | Note
-------+----------+-------------------------------------------
     0 | D:1      | dianekeaton the Minotaur Berserker began the quest for the
                  | Orb.
     0 | D:1      | Reached XP level 1. HP: 19/19 MP: 0/0
    41 | D:1      | Reached skill level 4 in Maces & Flails
   132 | D:1      | Reached XP level 2. HP: 26/26 MP: 1/1
   298 | D:1      | Found a faded altar of an unknown god.
   318 | D:1      | Reached skill level 5 in Maces & Flails
   484 | D:1      | Reached ** piety under Trog
   501 | D:1      | Reached XP level 3. HP: 31/31 MP: 2/2
   692 | D:1      | Found Maon's Armour Shop.
   706 | D:1      | Bought a +0 pair of gloves for 58 gold pieces
  1164 | D:2      | Noticed Sigmund
  1170 | D:2      | Noticed Natasha
  1178 | D:2      | Killed Natasha
  1179 | D:2      | Reached skill level 6 in Maces & Flails
  1179 | D:2      | Reached XP level 4. HP: 30/39 MP: 3/3
  1182 | D:2      | Slain by Sigmund

Illustrated notes

Levels and vault maps discovered:
D:1:      elethiomel_arrival_infinity_welcomes_careful_drivers, layout_rooms,
          shapermc_ecumenical_altar_totnotflames, serial_shops,
          nicolae_shop_temple_entry_statues_fountains
D:2:      layout_loops_ring, nrook_uturn, grunt_decor_junction, minivault_11,
          minmay_misc_feat_diagonals, grunt_decor_arrowhead, uniq_natasha,
          uniq_sigmund, uniq_jessica

Skill      XL: |  1  2  3 |
---------------+----------+-----
Maces & Flails | 4 5 6 |  6.0
Fighting       | |  3.6
Armour         | |  2.4
Dodging        | |  2.1
Stealth        | |  0.1

Action                   |  1- 3 |  4- 6 || total
-------------------------+-------+-------++-------
Melee: Mace              |    80 |     3 ||    83
       Headbutt          |    10 |     1 ||    11
Invok: Berserk           |     1 |       ||     1
       Trog's Hand       |     1 |       ||     1
  Use: Scroll            |     2 |       ||     2
Armor: Animal skin       |     2 |       ||     2
       Ring mail         |    23 |       ||    23
Dodge: Dodged            |    46 |       ||    46
